 Dungeon Crawl Stone Soup version 0.26-b1-32-g5d43845318 (webtiles) character file.

Game seed: 5782391330574896650

757 Borgoz the Cudgeller (level 7, -2/43 HPs)
             Began as a Gargoyle Gladiator on Jan 11, 2021.
             Slain by an ogre
             ... wielding a +0 giant club
              (16 damage)
             ... on level 5 of the Dungeon.
             The game lasted 00:05:53 (3851 turns).

Borgoz the Cudgeller (Gargoyle Gladiator)           Turns: 3851, Time: 00:05:53

Health: -2/43      AC:  9    Str: 18    XL:     7   Next: 79%
Magic:  7/7        EV: 14    Int:  8    God:
Gold:   303        SH:  0    Dex: 13    Spells: 6/6 levels left

rFire    . . .     SeeInvis .   a - +0 flail
rCold    . . .     Faith    .   (no shield)
rNeg     + . .     Spirit   .   b - +0 leather armour
rPois    ∞         Reflect  .   c - +0 helmet
rElec    +         Harm     .   (no cloak)
rCorr    .         Rampage  .   (no gloves)
Will     .....                  (no boots)
Stlth    +.........             (no amulet)
HPRegen  0.14/turn              (no ring)
MPRegen  0.10/turn              (no ring)

@: no status effects
A: negative energy resistance 1, electricity resistance, unbreathing,
petrification resistance, miasma immunity, AC +4
a: no special abilities


You were on level 5 of the Dungeon.
You visited 1 branch of the dungeon, and saw 5 of its levels.

You collected 303 gold pieces.

Inventory:

Hand Weapons
 a - a +0 flail (weapon)
Missiles
 d - 2 throwing nets (quivered)
Armour
 b - a +0 leather armour (worn)
 c - a +0 helmet (worn)
Scrolls
 g - 2 scrolls of remove curse
 j - 2 scrolls of teleportation
 l - 2 scrolls of enchant weapon {unknown}
 o - a scroll of enchant armour {unknown}
 p - a scroll of magic mapping {unknown}
Potions
 f - a potion of invisibility
 i - 2 potions of flight
 m - a potion of brilliance
 q - 3 potions of magic
 s - a potion of curing


   Skills:
 + Level 4.1 Fighting
 * Level 5.6 Maces & Flails
 - Level 1.7 Throwing
 + Level 3.5 Armour
 * Level 4.7 Dodging


You had 6 spell levels left.
You didn't know any spells.
Your spell library was empty.

Dungeon Overview and Level Annotations

Branches:
Dungeon (5/15)
 Temple: D:4-7

Altars:
Cheibriados


Innate Abilities, Weirdness & Mutations

You are resistant to torment.
Your stone body is resilient. (AC +4)
You are immune to poison.
You resist negative energy. (rN+)
You are resistant to electric shocks. (rElec)
You can survive without breathing.
You are immune to petrification.
You are immune to miasma.


Message History

You hit the gnoll but do no damage. The ogre barely misses you.
The gnoll hits you but does no damage.
The shadow imp shouts, "Out, out, thou feckless dismal-dreaming Cock-Lorel!"
Something hits you but does no damage.
Deactivating autopickup; reactivate with Ctrl-A.
You sock the gnoll!
The gnoll is almost dead.
The gnoll hits you with a +0 whip. Something hits you but does no damage.
The ogre barely misses you.
You barely miss the gnoll.
The gnoll is almost dead.
The gnoll barely misses you. Something hits you but does no damage.
The ogre misses you. The gnoll hits you with a +0 whip.
You closely miss the gnoll.
The gnoll is almost dead.
A sky beast appears from thin air!
Reactivating autopickup.
The sky beast hits you but does no damage.
The ogre hits you with a +0 giant club!
You die...

##........... #
#.........).. .##
#.........##. ..
#.........###
###.#####.........###
....................
#.5#####.....[.....
#O#####".....#.###
#@Yg((!...####.#
##gg(###### #
#?....## ....##...
...## ###.# .. .# . .
##


You could see a sky beast, an ogre, 3 gnolls and a shadow imp.

Vanquished Creatures
  A sky beast (D:5)
  2 ogres (D:5)
  A howler monkey (D:5)
  A bullfrog zombie (D:5)
  A hound (D:4)
  3 orc priests
  3 orc wizards
  Ijyb (D:5)
  6 adders
  2 shadow imps
  3 oozes
  2 worms
  2 dart slugs
  4 leopard geckos
  16 orcs
  8 bats
  2 giant cockroaches (D:1)
  12 goblins
  3 hobgoblins
  6 jackals (D:2)
  4 quokkas
  A ball python (D:1)
  6 frilled lizards
  10 kobolds
  A quokka zombie (D:2)
  9 rats
110 creatures vanquished.

Notes
Turn   | Place    | Note
-------+----------+-------------------------------------------
     0 | D:1      | Borgoz the Gargoyle Gladiator began the quest for the Orb.
     0 | D:1      | Reached XP level 1. HP: 12/12 MP: 1/1
   167 | D:1      | Reached XP level 2. HP: 16/18 MP: 2/2
   463 | D:1      | Reached skill level 1 in Armour
   463 | D:1      | Reached XP level 3. HP: 22/22 MP: 3/3
   947 | D:2      | Reached XP level 4. HP: 16/27 MP: 4/4
  1583 | D:3      | Reached skill level 4 in Maces & Flails
  1583 | D:3      | Reached XP level 5. HP: 21/32 MP: 5/5
  2172 | D:3      | Reached XP level 6. HP: 34/37 MP: 6/6
  2483 | D:3      | Found a snail-covered altar of Cheibriados.
  3640 | D:5      | Entered Level 5 of the Dungeon
  3662 | D:5      | Reached XP level 7. HP: 31/42 MP: 7/7
  3670 | D:5      | Reached skill level 5 in Maces & Flails
  3803 | D:5      | Noticed Ijyb
  3827 | D:5      | Killed Ijyb
  3846 | D:5      | HP: 1/43 [ogre/+0 giant club (20)]
  3851 | D:5      | Slain by an ogre

Illustrated notes

Levels and vault maps discovered:
D:1:      giann_bridges, layout_basic
D:2:      layout_rooms
D:3:      layout_basic, kennysheep_slug_shrine
D:4:      layout_loops_corners
D:5:      layout_rooms, temple_hall, uniq_ijyb

Skill      XL: |  1  2  3  4  5  6  7 |
---------------+----------------------+-----
Armour         | 1 2 3 |  3.5
Dodging        | 3 4 |  4.7
Fighting       | 3 4 |  4.1
Maces & Flails | 4 5 |  5.6
Throwing       | |  1.7

Action                   |  1- 3 |  4- 6 |  7- 9 || total
-------------------------+-------+-------+-------++-------
Melee: Flail             |   123 |   223 |    56 ||   402
Throw: Throwing net      |       |       |     1 ||     1
  Use: Scroll            |     2 |     8 |     2 ||    12
       Potion            |       |       |     2 ||     2
 Stab: Sleeping          |       |     1 |       ||     1
       Held in net/web   |       |       |     1 ||     1
Armor: Leather armour    |    66 |    83 |    34 ||   183
Dodge: Dodged            |   130 |   179 |    41 ||   350
